 Dungeon Crawl Stone Soup version 0.30-b1-7-gcb88a99046 (webtiles) character file.

Game seed: 1445993603507164396

2349 Sykov the Tainter (level 9, -1/53 (61) HPs)
             Began as a Demonspawn Venom Mage on May 5, 2023.
             Was an Initiate of Vehumet.
             Slain by a wight
             ... wielding a +5 falchion
              (3 damage)
             ... on level 6 of the Dungeon.
             The game lasted 00:39:04 (7907 turns).

Sykov the Tainter (Demonspawn Venom Mage)           Turns: 7907, Time: 00:39:04

HP:   -1/53 (61)    AC: 20    Str: 10    XL:     9   Next: 20%
MP:   27/27         EV:  8    Int: 14    God:    Vehumet [......]
Gold: 315           SH:  0    Dex: 15    Spells: 19/20 levels left

rFire   + + .        s - +1 dagger (venom)
rCold   + . .        D - orb {light}
rNeg    . . .        E - +2 scale mail {rF+}
rPois   .            w - +1 helmet
rElec   .            g - +0 cloak
rCorr   .            d - +0 pair of gloves
SInv    .            (no boots)
Will    +....        c - amulet of the Queen {RegenMP rC+ Will+ Int-4 Stlth+}
Stlth   +            r - +4 ring of protection
HPRegen 0.28/turn    y - ring of magical power
MPRegen 0.60/turn

%: no passive effects
@: glowing, heavily drained
A: molten scales 3, demonic magic 1, weakness stinger 2
a: Renounce Religion


You were on level 6 of the Dungeon.
You worshipped Vehumet.
Vehumet was noncommittal.
You visited 1 branch of the dungeon, and saw 6 of its levels.

You collected 315 gold pieces.

Inventory:

Hand Weapons
 k - a +0 dagger of venom
 s - a +1 dagger of venom (weapon)
 t - a +1 dagger of draining
 C - a +4 whip
Missiles
 i - 6 atropa-tipped darts
 j - 42 stones
 n - 4 poisoned darts
Armour
 a - a +0 ring mail
 d - a +0 pair of gloves (worn)
 e - a +0 pair of gloves
 g - a +0 cloak (worn)
 m - a +0 leather armour
 q - a +0 chain mail
 v - a +0 robe of the Archmagi
 w - a +1 helmet (worn)
 D - an orb of light (worn)
 E - a +2 scale mail of fire resistance (worn)
Jewellery
 c - the amulet of the Queen (around neck) {RegenMP rC+ Will+ Int-4 Stlth+}
   (You found it on level 2 of the Dungeon)

   [amulet of magic regeneration]

   It increases your rate of magic regeneration.
   Int:       It affects your intelligence (-4).
   rC:        It protects you from cold.
   Will:      It increases your willpower.
   Stlth:     It makes you more stealthy.
 l - a ring of willpower
 r - a +4 ring of protection (left hand)
 y - a ring of magical power (right hand)
 B - an amulet of magic regeneration
Scrolls
 p - a scroll of amnesia
 z - a scroll of enchant armour
 A - a scroll of noise
Potions
 b - 2 potions of magic
 f - a potion of curing
 h - a potion of might
 x - a potion of berserk rage {unknown}


   Skills:
 + Level 1.9(0.9) Fighting
 + Level 2.2(1.1) Short Blades
 + Level 0.8(0.4) Throwing
 * Level 2.5(1.2) Armour
 + Level 3.1(1.5) Dodging
 + Level 4.1(2.0) Stealth
 + Level 0.6(0.3) Unarmed Combat
 + Level 6.0(3.0) Spellcasting
 - Level 2.1(1.0) Transmutations
 * Level 8.2(4.2) Poison Magic


You had 19 spell levels left.
You knew the following spells:

 Your Spells              Type           Power      Damage    Failure   Level
a - Sting                 Tmut/Pois      36%        1d4       43%         1

Your spell library contained the following spells:

 Spells                   Type           Power      Damage    Failure   Level
 Poisonous Vapours        Pois/Air       16%        N/A       67%         2
 Mephitic Cloud           Conj/Pois/Air  6%         N/A       94%         3
 Olgreb's Toxic Radiance  Pois           14%        N/A       94%         4
 Tukima's Dance           Hex            2%         N/A       99%         3
 Passage of Golubria      Tloc           2%         N/A       100%        4
 Yara's Violent Unravell  Hex/Tmut       1%         3d3       100%        5


Dungeon Overview and Level Annotations

Branches:
Dungeon (6/15)
 Temple: D:4-7

Altars:
Ashenzari
Trog
Vehumet

Annotations:
D:6 Eustachio


Innate Abilities, Weirdness & Mutations

You are completely covered in molten scales. (AC +4, rF+)
Spells you cast may paralyse adjacent enemies.
You have a tail ending in a sharp stinger.


Message History

The phantom is severely damaged.
The phantom hits you.
* * * LOW HITPOINT WARNING * * *
Eustachio the Magnificent comes into view.
He is wielding a +0 rapier.
Eustachio shouts!
You hit the phantom but do no damage.
Your tail-slap misses the phantom.
The phantom is severely damaged.
The phantom hits you.
* * * LOW HITPOINT WARNING * * *
Eustachio mumbles some strange words.
Eustachio blinks!
You hit the phantom.
The phantom is severely damaged.
The phantom barely misses you.
You hit the phantom.
Your tail-slap misses the phantom.
The phantom is severely damaged.
The phantom hits you but does no damage.
Eustachio hits you with a +0 rapier.
* * * LOW HITPOINT WARNING * * *
The wight closely misses you.
You hit the phantom.
The phantom is almost destroyed.
The phantom hits you but does no damage.
Eustachio closely misses you. The wight hits you with a +5 falchion.
* * * LOW HITPOINT WARNING * * *
You feel drained.
* * * LOW HITPOINT WARNING * * *
You hit the phantom.
The phantom is almost destroyed.
The phantom barely misses you.
Eustachio mumbles some strange words.
The wight hits you but does no damage.
You hit the phantom but do no damage.
The phantom is almost destroyed.
The wight closely misses you. Eustachio hits you but does no damage.
The phantom hits you but does no damage.
You closely miss the phantom.
Your tail-slap misses the phantom.
The phantom is almost destroyed.
The wight hits you with a +5 falchion.
You die...

### ...# # ....# ..
#####.....#
#.###########.W@......#
#.......<.....5z@.....#
######.......$...5.....
.....................#
................######
.................#
##...............#
.....##............
..... #..........#.#


You could see Eustachio, a phantom, a wight and 2 white imps.

Vanquished Creatures
  Pikel (D:6)
  Sigmund (D:2)
  6 yaks (D:4)
  A black bear (D:5)
  An ogre (D:5)
  A phantom (D:5)
  2 lemures (D:6)
  2 wights (D:6)
  2 hounds (D:4)
  A gnoll bouda (D:5)
  A jelly (D:5)
  A sleepcap (D:4)
  Jessica (D:2)
  2 iguanas (D:4)
  2 orc wizards
  3 gnolls (D:5)
  9 adders
  A shadow imp (D:5)
  2 ufetubi
  A worm (D:1)
  3 dart slugs
  13 orcs
  7 endoplasms
  2 giant cockroaches
  7 hobgoblins
  3 jackals (D:1)
  A quokka (D:4)
  5 ball pythons
  A bat (D:1)
  8 frilled lizards
  7 goblins
  9 kobolds
  3 rats
110 creatures vanquished.

Vanquished Creatures (others)
  A fungus (D:2)
  2 plants (D:2)
3 creatures vanquished.

Grand Total: 113 creatures vanquished

Notes
Turn   | Place    | Note
-------+----------+-------------------------------------------
     0 | D:1      | Sykov the Demonspawn Venom Mage began the quest for the
                  | Orb.
     0 | D:1      | Reached XP level 1. HP: 13/13 MP: 3/3
   397 | D:1      | Gained mutation: You are partially covered in molten
                  | scales. (AC +2) [demonic ancestry]
   397 | D:1      | Reached XP level 2. HP: 19/19 MP: 1/5
   904 | D:1      | Reached skill level 1 in Transmutations
  1091 | D:1      | Gained mutation: You are mostly covered in molten scales.
                  | (AC +3) [demonic ancestry]
  1091 | D:1      | Reached XP level 3. HP: 24/24 MP: 4/6
  1868 | D:2      | Found a faded altar of an unknown god.
  2048 | D:2      | Noticed Sigmund
  2057 | D:2      | Killed Sigmund
  2058 | D:2      | Reached skill level 4 in Poison Magic
  2058 | D:2      | Reached XP level 4. HP: 21/30 MP: 6/9
  2058 | D:2      | Gained mutation: You have a small tail. [demonic ancestry]
  2058 | D:2      | Reached XP level 5. HP: 24/35 MP: 6/10
  2440 | D:2      | Noticed Jessica
  2464 | D:2      | Killed Jessica
  2465 | D:2      | Reached skill level 1 in Short Blades
  2465 | D:2      | Reached XP level 6. HP: 34/37 MP: 5/11
  2905 | D:2      | Identified the amulet of the Queen {RegenMP rC+ Will+ Int-4
                  | Stlth+}
  3605 | D:3      | Reached skill level 5 in Poison Magic
  3864 | D:4      | Found a broken altar of Ashenzari.
  3891 | D:4      | Became a worshipper of Ashenzari the Shackled
  4073 | D:4      | Noticed a yak
  4073 | D:4      | Noticed a yak
  4074 | D:4      | Noticed a yak
  4074 | D:4      | Noticed a yak
  4075 | D:4      | Noticed a yak
  4113 | D:4      | Killed a yak
  4119 | D:4      | Noticed a yak
  4283 | D:4      | Gained mutation: You have a tail ending in a sharp stinger.
                  | [demonic ancestry]
  4283 | D:4      | Reached XP level 7. HP: 46/46 MP: 11/13
  4912 | D:4      | Killed a yak
  4913 | D:4      | Reached skill level 6 in Poison Magic
  4918 | D:4      | Killed a yak
  4937 | D:4      | Killed a yak
  4938 | D:4      | Reached skill level 1 in Fighting
  4938 | D:4      | Gained mutation: Spells you cast may paralyse adjacent
                  | enemies. [demonic ancestry]
  4938 | D:4      | Reached XP level 8. HP: 31/54 MP: 13/15
  5336 | D:4      | Reached skill level 5 in Spellcasting
  5336 | D:4      | Reached skill level 7 in Poison Magic
  5956 | D:5      | Entered Level 5 of the Dungeon
  6006 | D:5      | Upgraded the game from 0.30-b1-5-g8e6c1be481 to
                  | 0.30-b1-7-gcb88a99046
  6210 | D:5      | Reached skill level 1 in Armour
  7083 | D:5      | Found a radiant altar of Vehumet.
  7091 | D:5      | Fell from the grace of Ashenzari
  7091 | D:5      | Became a worshipper of Vehumet
  7507 | D:6      | Found a bloodstained altar of Trog.
  7513 | D:6      | Noticed Pikel
  7579 | D:6      | Killed Pikel
  7580 | D:6      | Reached skill level 8 in Poison Magic
  7580 | D:6      | Gained mutation: You are completely covered in molten
                  | scales. (AC +4, rF+) [demonic ancestry]
  7580 | D:6      | Reached XP level 9. HP: 33/61 MP: 17/17
  7900 | D:6      | Noticed Eustachio
  7904 | D:6      | HP: 1/53 [wight/+5 falchion (2)]
  7907 | D:6      | Slain by a wight

Illustrated notes

Levels and vault maps discovered:
D:1:      matt_arrival_refuge, layout_loops_corners, nicolae_wormholes
D:2:      layout_loops_corners, shapermc_ecumenical_altar_gd, uniq_jessica,
          uniq_sigmund
D:3:      layout_rooms, mainiacjoe_overflow_small_starburst
D:4:      layout_basic, overflow_temple_1_default
D:5:      layout_basic, lemuel_crystal_altar
D:6:      layout_rooms, nicolae_overflow_hidden_temple, old_standard_altar,
          minmay_temple_entry_stoned_glass, hellmonk_guarded_unrand_lears,
          uniq_eustachio, uniq_pikel

Skill      XL: |  1  2  3  4  5  6  7  8  9 |
---------------+----------------------------+-----
Transmutations | 1 2 |  2.1
Stealth        | 2 3 4 |  4.1
Spellcasting   | 3 4 5 6 |  6.0
Poison Magic   | 4 5 6 8 |  8.2
Short Blades   | 1 2 |  2.2
Dodging        | 2 3 |  3.1
Fighting       | 1 |  1.9
Armour         | 2 |  2.5
Throwing       | |  0.8
Unarmed Combat | |  0.6

Action                     |  1- 3 |  4- 6 |  7- 9 || total
---------------------------+-------+-------+-------++-------
  Melee: Unarmed           |     6 |       |       ||     6
         Dagger            |    33 |    71 |   175 ||   279
         Tailslap          |       |     7 |    37 ||    44
         Punch             |       |     4 |     1 ||     5
  Throw: Stone             |     1 |     3 |       ||     4
         Dart              |       |     5 |       ||     5
   Cast: Sting             |    42 |    36 |   108 ||   186
    Use: Scroll            |     8 |     7 |     7 ||    22
         Potion            |       |       |     9 ||     9
   Stab: Sleeping          |     1 |       |       ||     1
         Paralysed         |       |       |     4 ||     4
 Armour: Robe              |    14 |    22 |    72 ||   108
         Chain mail        |       |    22 |       ||    22
         Leather armour    |       |     1 |       ||     1
         Scale mail        |       |       |    64 ||    64
  Dodge: Dodged            |    33 |    29 |   129 ||   191
